 Dungeon Crawl Stone Soup version 0.28.0 (webtiles) character file.

Game seed: 11675283337805180364

2 sanka the Magician (level 1, 0/11 HPs)
             Began as a Deep Elf Transmuter on Feb 8, 2022.
             Slain by a goblin (4 damage)
             ... on level 1 of the Dungeon.
             The game lasted 00:00:13 (75 turns).

sanka the Magician (Deep Elf Transmuter)              Turns: 75, Time: 00:00:14

Health: 0/11       AC:  2    Str:  7    XL:     1   Next: 33%
Magic:  5/6        EV: 12    Int: 17    God:
Gold:   0          SH:  0    Dex: 15    Spells: 5/6 levels left

rFire   . . .      SeeInvis .     - Unarmed
rCold   . . .      Faith    .   (no shield)
rNeg    . . .      Spirit   .   a - +0 robe
rPois   .          Reflect  .   (helmet currently unavailable)
rElec   .          Harm     .   (no cloak)
rCorr   .          Rampage  .   (no gloves)
Will    .....                   (boots currently unavailable)
Stlth   +.........              (no amulet)
HPRegen 0.03/turn               (no ring)
MPRegen 0.10/turn               (no ring)

@: appendages
A: horns 2, talons 2
a: End Transformation


You were on level 1 of the Dungeon.
You had temporarily grown beastly horns and talons.
You visited 1 branch of the dungeon, and saw 1 of its levels.

Inventory:

Armour
 a - a +0 robe (worn)
Potions
 b - a potion of flight {unknown}


   Skills:
 - Level 0.7 Fighting
 - Level 2.4 Dodging
 - Level 2.4 Unarmed Combat
 + Level 3.3 Spellcasting
 - Level 2.1 Transmutations


You had 5 spell levels left.
You knew the following spells:

 Your Spells              Type           Power      Damage    Failure   Level
a - Beastly Appendage     Tmut           20%        N/A       7%          1

Your spell library contained the following spells:

 Spells                   Type           Power      Damage    Failure   Level
 Wereblood                Tmut           10%        N/A       11%         2
 Spider Form              Tmut/Pois      6%         N/A       32%         3
 Ice Form                 Ice/Tmut       6%         N/A       71%         4


Dungeon Overview and Level Annotations

Branches:
Dungeon (1/15)

Altars:


Innate Abilities, Weirdness & Mutations

You have temporarily grown beastly horns and talons.


Message History

No target in view!
Magic restored.
Your transformation is almost over.
Your horns disappear.
Your talons disappear.
A kobold comes into view. It is wielding a +0 whip.
A kobold is nearby!
A kobold is nearby!
A kobold is nearby!
The kobold shouts!
You hear a shout!
A goblin comes into view. It is wielding a +0 club.
The goblin shouts!
A ball python comes into view.
The kobold closely misses you.
You hit the kobold but do no damage. The kobold hits you with a +0 whip.
You closely miss the kobold. The kobold hits you with a +0 whip.
You are too injured to fight recklessly!
Unknown command.
Unknown command.
A frilled lizard comes into view.
The ball python barely misses you. The ball python misses you.
The ball python bites you. The ball python closely misses you.
You are too injured to fight recklessly!
Casting: Beastly Appendage (safe; 7% risk of failure)
Confirm with . or Enter, or press ? or * to list all spells.
You grow a pair of large bovine horns.
Your feet morph into talons.
The ball python closely misses you. The ball python grabs you.
The ball python constricts you.
You hit the ball python. Your headbutt misses the ball python.
Your punch misses the ball python.
The ball python is severely wounded.
The ball python barely misses you. The ball python constricts you.
You hit the ball python.
You kill the ball python!
The kobold closely misses you.
You miss the kobold. Your kick misses the kobold. You headbutt the kobold.
You kill the kobold!
You closely miss the goblin. You claw the goblin.
The goblin is moderately wounded.
The goblin hits you with a +0 club.
You die...

#....# #....# #....#
#....# #.#..# #.# #.#g.#
#.# #.#..#
#.#.##########.#..#####
#.#.........@g.........#
#
#.####.##..#####..####.#
### #.# #....## #..#
..###.#######.# #..#
†.#.#.........# #..#
#..........#### #..#
##..######.####### #..#
##..# #.......# ..#
##..# #######.#


You could see a goblin.

Vanquished Creatures
  A kobold (D:1)
  A ball python (D:1)
  A bat (D:1)
3 creatures vanquished.

Notes
Turn   | Place    | Note
-------+----------+-------------------------------------------
     0 | D:1      | sanka the Deep Elf Transmuter began the quest for the Orb.
     0 | D:1      | Reached XP level 1. HP: 11/11 MP: 6/6
    75 | D:1      | Slain by a goblin

Illustrated notes

Levels and vault maps discovered:
D:1:      lemuel_arrival_lava_pool, layout_loops_ring, serial_shops,
          shop_scrolls, chequers_serial_rivers_micro_d, minivault_5

Action                   || total
-------------------------++-------
Melee: Unarmed           ||     7
       Headbutt          ||     2
       Kick              ||     1
 Cast: Beastly Appendage ||     2
Dodge: Dodged            ||     9
